 Dungeon Crawl Stone Soup version 0.20.1-1-g8b1a95d (webtiles) character file.

155 dohliylev the Covert (level 5, -1/35 HPs)
             Began as a Vampire Enchanter on Dec 19, 2017.
             Slain by a shadow imp (5 damage)
             ... summoned by Natasha
             ... on level 1 of the Dungeon.
             The game lasted 00:08:47 (1922 turns).

dohliylev the Covert (Vampire Enchanter)            Turns: 1922, Time: 00:08:48

Health: -1/35      AC:  2    Str:  7    XL:     5   Next: 14%
Magic:  2/8        EV: 13    Int: 22    God:
Gold:   92         SH:  0    Dex: 15    Spells: 3/8 levels left

rFire    . . .     SeeInvis +   a - +2 dagger
rCold    . . .     Gourm    .   (no shield)
rNeg     . . .     Faith    .   b - +0 robe
rPois    .         Spirit   .   (no helmet)
rElec    .         Reflect  .   (no cloak)
rCorr    .         Harm     .   (no gloves)
MR       .....                  (no boots)
Stlth    ++++......             (no amulet)
Regen    0.4/turn               j - +4 ring of intelligence
MPRegen  0.2/turn               (no ring)

@: regenerating quickly, slowed, very slow
A: fangs 3, see invisible, unbreathing
a: no special abilities


You were on level 1 of the Dungeon.
You were very full.

You visited 1 branch of the dungeon, and saw 3 of its levels.

You collected 92 gold pieces.

Inventory:

Hand Weapons
 a - a +2 dagger (weapon)
Armour
 b - a +0 robe (worn)
Jewellery
 j - a +4 ring of intelligence (left hand)
Scrolls
 f - a scroll of magic mapping
 n - a scroll of teleportation
 q - a scroll of random uselessness {unknown}
 r - a scroll of identify {unknown}
Potions
 d - 7 potions of blood
 e - a potion of curing {unknown}
 g - a potion of flight {unknown}
 h - a potion of magic {unknown}
 i - a potion of berserk rage {unknown}
 l - 2 potions of agility {unknown}
 o - a potion of mutation {unknown}
 p - a potion of degeneration {unknown}
Books
 c - a book of Maledictions

   Spells                             Type                      Level
   a - Corona                         Hexes                        1
   b - Ensorcelled Hibernation        Hexes/Ice                    2
   c - Confuse                        Hexes                        3
   d - Tukima's Dance                 Hexes                        3
   e - Dazzling Spray                 Conjuration/Hexes            3


   Skills:
 - Level 1.1 Short Blades
 - Level 2.1 Dodging
 - Level 8.3 Stealth
 - Level 2.0 Spellcasting
 + Level 5.1 Hexes
 - Level 1.1 Ice Magic


You had 3 spell levels left.
You knew the following spells:

 Your Spells              Type           Power        Failure   Level  Hunger
b - Ensorcelled Hibernat  Hex/Ice        ###...       6%          2    ##.....
c - Confuse               Hex            ###.....     4%          3    ###....


Dungeon Overview and Level Annotations

Branches:
Dungeon (3/15)

Altars:

Annotations:
D:1 Natasha
D:2 Robin


Innate Abilities, Weirdness & Mutations

Your natural rate of healing is unusually fast.
You have razor-sharp teeth.
You have supernaturally acute eyesight. (SInv)
You can survive without breathing.


Message History

* * * LOW HITPOINT WARNING * * *
Natasha hisses.
Natasha casts a spell.
Natasha howls an incantation.
You feel disoriented. The white imp gestures at you.
The puff of frost misses you. The white imp gestures at you.
The puff of frost misses you.
Sorry, you're too full to transform right now.
Unknown command.
Yummy - fresh blood!
The white imp disappears in a puff of smoke!
Natasha casts a spell at you. You resist with some effort.
The shadow imp grins evilly.
Natasha mumbles some strange words.
The shadow imp lashes its tail.
The shadow imp hits you.
You die...

##.#...........##
###..##........###
....####......## #####
#.......# ..# ########..#
#######...#######
#...###...###...##########
....###...###..5.##.(....#
.#..##.....##.h#@.##.....#
##..#...#...#..##..#.....#
###....###..5.###..#.....#
###....###....###..#.#####
####...###...####..#.#
#################....#
##.#.......## ##...#
##.#....##..# ##.##
.)......#...######..#


You could see Natasha, a crimson imp and a shadow imp.

Vanquished Creatures
  Terence (D:2)
  Natasha (twice) (D:2)
  4 adders
  A dart slug (D:1)
  A leopard gecko (D:1)
  7 bats
  A giant cockroach (D:2)
  6 goblins
  8 hobgoblins
  3 jackals (D:1)
  2 kobolds
  A frilled lizard (D:1)
  5 rats
42 creatures vanquished.

Notes
Turn   | Place    | Note
-------+----------+-------------------------------------------
     0 | D:1      | dohliylev the Vampire Enchanter began the quest for the Orb.
     0 | D:1      | Reached XP level 1. HP: 13/13 MP: 3/3
    66 | D:1      | Reached skill level 5 in Stealth
   340 | D:2      | Noticed Natasha
   347 | D:2      | Reached XP level 2. HP: 17/19 MP: 3/5
   359 | D:2      | Learned a level 2 spell: Ensorcelled Hibernation
   395 | D:2      | Reached skill level 6 in Stealth
   436 | D:2      | You fall through a shaft!
   609 | D:3      | Reached XP level 3. HP: 7/24 MP: 0/6
   835 | D:2      | Noticed Robin
  1318 | D:1      | Reached skill level 7 in Stealth
  1653 | D:2      | Reached XP level 4. HP: 30/30 MP: 4/7
  1745 | D:1      | Learned a level 3 spell: Confuse
  1750 | D:2      | Killed Natasha
  1750 | D:2      | Reached skill level 1 in Ice Magic
  1757 | D:2      | Noticed Natasha
  1765 | D:2      | Killed Natasha
  1765 | D:2      | Reached skill level 8 in Stealth
  1802 | D:2      | Noticed Natasha
  1807 | D:2      | Noticed Terence
  1811 | D:2      | Killed Terence
  1811 | D:2      | Reached skill level 5 in Hexes
  1811 | D:2      | Reached XP level 5. HP: 35/35 MP: 5/8
  1915 | D:1      | HP: 1/35 [Natasha/magic dart (7)]
  1922 | D:1      | Slain by a shadow imp

Skill      XL: |  1  2  3  4 |
---------------+-------------+-----
Stealth        | 5 6 7 8 |  8.3
Ice Magic      | 1 |  1.1
Hexes          | 5 |  5.1
Short Blades   | |  1.1
Dodging        | |  2.1
Spellcasting   | |  2.0

Action                   |  1- 3 |  4- 6 || total
-------------------------+-------+-------++-------
Melee: Dagger            |   115 |    10 ||   125
       Bite              |     6 |       ||     6
 Cast: Corona            |    10 |     2 ||    12
       Ensorcelled Hiber |    24 |    13 ||    37
  Use: Scroll            |       |     4 ||     4
       Potion            |       |     1 ||     1
 Stab: Sleeping          |    19 |     6 ||    25
  Eat: Corpse            |    13 |     1 ||    14
Armor: Robe              |    39 |     2 ||    41
Dodge: Dodged            |    94 |    23 ||   117
